Map: Sueño ártico EE

Players

PiterFuentes

  • Race: Protoss Protoss
  • League: Gold
  • Spawn Location: 5:00

ToXic

  • Race: Protoss Protoss
  • League: Gold
  • Spawn Location: 6:00

TATORREA - Winner!

  • Race: Protoss Protoss
  • League: Gold
  • Spawn Location: 12:00

MrFercho - Winner!

  • Race: Zerg Zerg
  • League: Silver
  • Spawn Location: 11:00

VOD

Have the link to the VOD?

Description

Time

  • Played on: June 29, 2020, 10:06 p.m.
  • Length: 19:29
Show
View Real Time Build Order
Export as new Build Order

PiterFuentes Protoss 

Build Orders:  

Get SALT Encoding   

  12  0:01  Probe  
  13  0:13  Probe  
  14  0:19  Pylon  
  14  0:25  Probe  
  15  0:39  Probe  
  16  0:43  Gateway  
  16  0:47  Probe  
  16  0:56  Gateway  
  17  1:05  Assimilator  
  17  1:07  Probe  
  17  1:08  Assimilator  
  18  1:27  Probe  
  19  1:39  Probe, Cybernetics Core  
  20  1:41  Zealot  
  22  1:52  Probe  
  23  2:16  Warp Gate  
  23  2:17  Pylon  
  23  2:27  Pylon, Zealot x2  
  23  2:35  Probe  
  28  2:47  Probe  
  28  2:48  Stargate  
  28  2:49  Zealot  
  29  2:52  Zealot  
  33  3:08  Forge  
  33  3:28  Nexus  
  33  3:40  Stalker x2  
  37  3:58  Robotics Facility  
  37  4:20  Protoss Ground Weapons Level 1  
  37  4:49  Stalker  
  37  4:50  Stalker  
  37  4:51  Warp Prism  
  43  4:58  Gateway  
  43  5:00  Gateway  
  33  5:35  Stalker  
  33  5:37  Stalker  
  37  5:48  Immortal  
  41  6:05  Twilight Council  
  41  6:09  Probe  
  41  6:10  Probe  
  43  6:21  Probe  
  43  6:22  Probe  
  43  6:23  Stalker x2  
  43  6:25  Stalker  
  51  6:26  Sentry  
  37  7:08  Void Ray  
  37  7:10  Gateway  
  37  7:11  Gateway  
  37  7:12  Blink  
  41  7:19  Probe  
  41  7:20  Probe  
  43  7:24  Assimilator  
  43  7:26  Assimilator  
  43  7:29  Protoss Ground Armor Level 1  
  43  7:31  Probe  
  43  7:32  Probe  
  45  7:43  Forge, Probe  
  45  7:44  Probe  
  48  7:58  Observer  
  48  8:44  Protoss Shields Level 1  
  48  9:10  Stalker x2  
  48  9:11  Stalker  
  48  9:12  Charge  
  54  9:24  Pylon  
  54  9:31  Pylon  
  54  9:33  Pylon  
  54  9:36  Pylon  
  54  9:38  Pylon  
  54  9:41  Pylon  
  54  10:29  Nexus  
  54  10:40  Probe x2  
  56  10:52  Probe  
  56  10:56  Forge  
  57  10:58  Dark Shrine  
  57  11:31  Stalker x2  
  57  11:32  Stalker x4  
  63  11:56  Stalker x4  
  63  11:57  Stalker x2  
  75  12:03  Protoss Ground Armor Level 2, Protoss Ground Weapons Level 2  
  75  12:04  Protoss Shields Level 2  
  74  12:30  Dark Templar x5  
  74  12:31  Dark Templar  
  74  13:15  Dark Templar x2  
  74  13:16  Dark Templar x4  
  50  13:34  Zealot x3  
  50  13:35  Zealot x3  
  62  13:56  Dark Templar x5  
  62  13:57  Dark Templar  
  48  15:02  Probe x3  
  51  15:14  Probe x3  
  52  15:17  Warp Prism  
  56  15:26  Probe x3  
  59  15:38  Probe x3  
  62  15:44  Pylon  
  62  15:46  Pylon  
  62  15:49  Pylon  
  62  15:50  Probe x2  
  62  15:51  Probe  
  62  15:52  Pylon  
  65  15:58  Warp Prism  
  65  16:02  Probe  
  65  16:03  Probe x2  
  70  16:10  Stalker x3  
  70  16:11  Stalker x3  
  80  16:14  Probe  
  76  16:32  Photon Cannon  
  64  16:35  Photon Cannon  
  64  16:37  Photon Cannon, Dark Templar  
  64  16:38  Dark Templar x5  
  64  16:39  Photon Cannon  
  29  17:31  Photon Cannon x2  
  29  17:32  Photon Cannon x3  
  29  17:35  Photon Cannon x2  
Show
View Real Time Build Order
Export as new Build Order

ToXic Protoss 

Build Orders:  

Get SALT Encoding   

  1  0:00  Probe  
  12  0:05  Probe  
  14  0:21  Pylon  
  14  0:25  Probe  
  15  0:40  Gateway  
  15  0:44  Probe  
  15  0:46  Assimilator  
  16  0:58  Gateway  
  16  1:07  Gateway  
  16  1:14  Pylon  
  16  1:19  Probe  
  17  1:27  Probe  
  17  1:28  Zealot  
  20  1:36  Cybernetics Core  
  20  1:44  Gateway  
  20  1:48  Zealot  
  22  1:56  Assimilator  
  22  1:57  Zealot  
  24  2:03  Assimilator  
  24  2:08  Zealot  
  24  2:15  Zealot  
  28  2:24  Zealot  
  28  2:27  Pylon  
  30  2:45  Zealot  
  30  2:48  Cybernetics Core  
  32  2:51  Zealot  
  34  3:01  Zealot  
  36  3:07  Zealot  
  38  3:23  Pylon  
  40  3:50  Warp Gate  
  40  4:00  Probe  
  38  4:08  Probe  
  40  4:18  Probe  
  41  4:30  Probe  
  22  5:40  Zealot  
  22  5:41  Zealot x2  
  28  5:44  Zealot  
  30  5:50  Twilight Council  
  30  5:52  Forge  
  30  5:58  Gateway  
  30  6:00  Gateway  
  30  6:01  Gateway  
  30  6:04  Zealot  
  30  6:05  Zealot x2  
  30  6:07  Nexus  
  30  6:09  Zealot  
  38  6:14  Protoss Ground Weapons Level 1  
  38  6:17  Charge  
  38  6:31  Zealot  
  38  6:32  Zealot x2  
  42  6:33  Zealot  
  46  6:59  Probe  
  47  7:09  Photon Cannon  
  47  7:17  Probe  
  47  7:19  Pylon  
  47  7:21  Pylon, Probe  
  48  7:25  Probe  
  50  7:30  Probe  
  50  7:33  Probe  
  51  7:39  Probe  
  53  7:45  Probe  
  54  8:05  Stalker x3  
  56  8:10  Stalker  
  56  8:11  Stalker  
  56  8:12  Stalker  
  66  8:13  Stalker  
  66  8:18  Protoss Ground Armor Level 1  
  30  9:44  Zealot x3  
  30  9:45  Zealot x3  
  42  9:49  Zealot  
  44  9:56  Probe  
  44  10:04  Assimilator, Probe  
  45  10:07  Assimilator  
  46  10:14  Probe  
  46  10:15  Zealot x2  
  46  10:16  Zealot x2  
  46  10:17  Zealot  
  46  10:18  Zealot x2  
  61  10:23  Probe  
  62  10:31  Probe  
  62  10:35  Protoss Shields Level 1  
  62  10:40  Probe  
  64  11:01  Blink  
  64  11:02  Forge  
  64  11:06  Stalker  
  64  11:07  Stalker x3  
  64  11:08  Stalker x2  
  64  11:09  Stalker  
  78  11:43  Pylon  
  78  11:46  Pylon  
  78  12:35  Zealot x3  
  78  12:36  Zealot  
  74  12:37  Zealot  
  74  12:39  Zealot  
  48  13:04  Zealot x4  
  48  13:05  Zealot  
  56  13:06  Zealot x2  
  60  13:18  Probe  
  60  13:26  Probe  
  61  13:28  Zealot x3  
  61  13:29  Zealot x2  
  61  13:30  Zealot x2  
  76  13:36  Probe  
  67  13:58  Protoss Ground Weapons Level 2  
  67  14:00  Protoss Ground Armor Level 2  
  47  14:11  Zealot  
  47  14:12  Zealot x2  
  47  14:13  Zealot x2  
  47  14:14  Zealot  
  47  14:15  Zealot  
  61  15:01  Pylon  
  61  15:25  Zealot x5  
  61  15:26  Zealot x2  
  75  15:56  Zealot x2  
  75  15:57  Zealot x3  
  81  15:58  Zealot x2  
  89  16:18  Stalker x3  
  79  16:19  Stalker x3  
  47  16:39  Zealot  
  47  16:41  Zealot  
  47  16:42  Zealot x3  
  47  16:43  Zealot x2  
  39  17:11  Zealot x3  
  39  17:12  Zealot x4  
  53  17:33  Zealot x4  
  53  17:34  Zealot x2  
  53  17:35  Zealot  
  49  18:13  Zealot x2  
  49  18:14  Zealot x3  
  49  18:15  Zealot x2  
  45  18:46  Stalker x4  
  45  18:47  Stalker  
  45  18:48  Stalker x2  
  43  19:12  Zealot x4  
  43  19:13  Zealot  
Show
View Real Time Build Order
Export as new Build Order

TATORREA Protoss - Winner!

Build Orders:  

Get SALT Encoding   

  12  0:04  Probe  
  13  0:16  Probe  
  14  0:27  Pylon  
  15  0:28  Probe  
  15  0:45  Gateway, Probe  
  16  1:04  Probe  
  16  1:10  Assimilator  
  17  1:15  Pylon  
  17  1:16  Probe  
  18  1:18  Pylon  
  18  1:28  Probe  
  19  1:38  Cybernetics Core  
  19  1:41  Gateway  
  18  1:48  Probe  
  19  1:59  Assimilator  
  19  2:00  Probe  
  20  2:12  Probe  
  20  2:14  Stalker  
  23  2:20  Probe  
  23  2:28  Probe  
  24  2:34  Nexus  
  25  2:38  Probe  
  26  2:49  Stalker  
  26  2:51  Sentry  
  30  2:54  Probe  
  31  3:08  Robotics Facility, Probe  
  32  3:15  Warp Gate  
  32  3:20  Probe  
  32  3:23  Stalker  
  37  3:27  Zealot  
  37  3:32  Probe  
  38  3:44  Probe  
  39  3:52  Probe  
  40  3:57  Immortal  
  44  4:06  Probe  
  44  4:08  Probe  
  46  4:11  Stalker  
  46  4:14  Stalker  
  50  4:18  Probe  
  51  4:24  Pylon  
  51  4:36  Observer  
  42  5:04  Stalker  
  42  5:06  Stalker  
  38  5:34  Stalker x2  
  42  5:43  Probe x2  
  44  5:55  Probe x2  
  46  6:04  Assimilator  
  46  6:07  Assimilator  
  46  6:09  Pylon  
  46  6:14  Pylon  
  46  6:19  Pylon  
  46  6:20  Immortal  
  46  6:24  Pylon  
  46  6:25  Stalker x2  
  54  6:31  Pylon  
  51  6:38  Gateway x2  
  46  6:40  Gateway  
  46  6:42  Gateway  
  46  6:44  Gateway  
  46  6:46  Gateway  
  38  6:53  Stalker  
  38  6:55  Stalker  
  40  7:04  Probe x2  
  42  7:26  Probe x2  
  44  7:37  Immortal  
  48  7:40  Stalker x2  
  48  7:41  Stalker x3  
  58  7:46  Probe x2  
  60  8:03  Probe x2  
  62  8:13  Stalker x3  
  62  8:14  Stalker  
  62  8:16  Probe x2, Observer  
  73  8:28  Probe x2  
  75  8:40  Probe x2  
  77  8:49  Nexus  
  77  8:51  Pylon  
  77  8:52  Probe x2  
  77  8:53  Pylon  
  79  8:56  Gateway  
  79  8:57  Gateway  
  79  8:59  Gateway  
  79  9:01  Immortal  
  79  9:02  Gateway  
  83  9:04  Gateway  
  81  9:16  Stalker x3  
  66  9:24  Probe x2  
  66  9:29  Stalker x2  
  56  9:41  Stalker x2  
  56  9:53  Probe x2  
  58  10:05  Probe  
  58  10:07  Probe x2  
  61  10:17  Probe  
  61  10:19  Probe x2  
  64  10:29  Stalker x2, Probe  
  64  10:30  Stalker  
  64  10:31  Probe x2  
  73  10:41  Probe  
  74  10:43  Probe  
  74  10:48  Probe  
  76  10:55  Probe x2  
  78  10:59  Immortal  
  78  11:00  Probe  
  83  11:08  Probe  
  83  11:09  Probe  
  85  11:12  Probe  
  84  11:18  Forge  
  84  11:20  Forge  
  84  11:24  Stalker x2  
  84  11:25  Stalker  
  87  11:37  Stalker  
  87  11:38  Stalker x2  
  87  11:39  Observer  
  94  11:41  Probe x2  
  94  11:43  Probe  
  97  12:10  Forge  
  97  12:12  Robotics Bay  
  97  12:19  Stalker x3  
  97  12:20  Stalker x2  
  107  12:29  Assimilator  
  107  12:31  Assimilator  
  107  12:41  Probe x2  
  107  12:42  Probe  
  108  12:51  Stalker x3  
  112  12:52  Stalker  
  100  13:13  Stalker x2  
  100  13:14  Stalker x4  
  100  13:15  Stalker x4  
  110  13:31  Probe x3  
  113  13:39  Stalker  
  115  13:42  Stalker  
  117  13:56  Probe  
  106  14:06  Pylon  
  106  14:07  Pylon  
  106  14:10  Pylon  
  106  14:14  Stalker x2  
  106  14:15  Stalker x3  
  106  14:16  Pylon  
  116  14:20  Nexus  
  116  14:22  Pylon  
  116  14:25  Pylon  
  116  14:32  Stalker x3  
  116  14:33  Stalker x2  
  116  14:35  Probe  
  116  14:37  Probe x2  
  129  14:43  Protoss Ground Weapons Level 1  
  129  14:56  Extended Thermal Lance  
  129  15:04  Forge, Colossus  
  129  15:07  Forge  
  135  15:12  Stalker x2  
  135  15:13  Stalker  
  141  15:18  Probe x3  
  144  15:25  Assimilator  
  144  15:27  Assimilator  
  144  15:31  Pylon, Probe x3  
  144  15:32  Protoss Ground Armor Level 1  
  144  15:33  Protoss Shields Level 1  
  147  15:37  Stalker, Pylon  
  147  15:38  Stalker  
  151  15:48  Stalker x3  
  157  15:58  Observer  
  140  16:30  Stalker  
  140  16:31  Stalker x2  
  140  16:32  Stalker x4  
  146  16:33  Stalker x4  
  146  16:36  Probe x2  
  146  16:37  Probe x2  
  152  16:48  Probe x2  
  152  16:49  Probe x2  
  152  16:52  Colossus  
  154  17:20  Stalker  
  154  17:21  Stalker x5  
  154  17:22  Stalker x2  
  154  17:54  Twilight Council  
  153  18:03  Stalker x3  
  153  18:04  Stalker x2  
  153  18:05  Stalker x3  
  158  18:25  Pylon, Nexus  
  158  18:27  Stalker x3  
  160  18:28  Stalker x2, Pylon  
  160  18:32  Probe x2  
  160  18:33  Probe x2  
  172  18:44  Probe x2  
  172  18:45  Probe x2  
  182  19:17  Stalker x2  
  182  19:18  Stalker x4  
  182  19:19  Stalker x2  
Show
View Real Time Build Order
Export as new Build Order

MrFercho Zerg - Winner!

Build Orders: Hatch First 

Get SALT Encoding   

  12  0:03  Drone  
  13  0:16  Overlord  
  13  0:18  Drone  
  14  0:35  Drone x2  
  16  0:48  Drone  
  16  0:49  Drone  
  18  1:01  Drone  
  19  1:04  Hatchery  
  18  1:13  Spawning Pool  
  18  1:16  Drone  
  18  1:22  Drone  
  19  1:37  Drone  
  20  1:42  Extractor  
  20  1:44  Overlord  
  19  2:00  Overlord  
  19  2:03  Queen  
  19  2:08  Drone  
  22  2:18  Queen  
  22  2:21  Zergling x4  
  26  2:25  Drone  
  27  2:31  Drone  
  27  2:36  Drone  
  29  2:38  Drone  
  30  2:51  Drone x2  
  32  3:00  Queen  
  32  3:01  Drone  
  32  3:02  Drone  
  36  3:11  Drone x2  
  38  3:19  Drone  
  39  3:21  Drone  
  40  3:27  Evolution Chamber  
  39  3:38  Roach Warren  
  39  3:39  Drone x4  
  39  3:41  Drone  
  44  3:51  Lair  
  44  3:54  Overlord x2  
  44  4:08  Roach Warren  
  44  4:09  Drone  
  44  4:12  Drone x2  
  44  4:13  Drone  
  47  4:21  Zergling x2  
  46  4:31  Zergling x2  
  46  4:32  Zergling x2  
  37  4:52  Roach x7  
  40  5:09  Drone x2  
  40  5:35  Drone x7  
  47  5:42  Extractor  
  46  5:43  Extractor  
  45  5:52  Drone x6  
  45  5:53  Drone  
  52  6:06  Drone x3  
  55  6:24  Zerg Missile Weapons Level 1  
  55  6:36  Zergling x10  
  60  6:50  Zergling x2  
  60  6:51  Zergling x6  
  60  7:18  Overlord, Hydralisk Den, Drone  
  60  7:19  Overlord x4  
  60  7:20  Overlord x4  
  60  7:28  Hatchery  
  59  7:36  Drone  
  63  7:37  Drone x3  
  63  8:00  Evolution Chamber  
  62  8:10  Metabolic Boost  
  62  8:13  Drone x2  
  62  8:14  Drone x10  
  74  8:30  Zerg Missile Weapons Level 2  
  74  8:32  Zerg Ground Armor Level 1  
  74  8:36  Grooved Spines  
  74  8:41  Extractor  
  73  9:03  Hatchery  
  72  9:24  Lurker Den  
  72  9:25  Infestation Pit  
  68  9:32  Spore Crawler  
  67  9:39  Spine Crawler  
  67  9:43  Spine Crawler  
  65  9:47  Muscular Augments  
  65  10:05  Spire  
  64  10:13  Spawning Pool  
  63  10:15  Hive  
  63  10:21  Hydralisk x8  
  63  10:22  Hydralisk x8  
  63  10:26  Zergling x2  
  63  10:27  Zergling x22  
  107  10:36  Drone  
  107  10:37  Drone x8  
  116  10:58  Extractor  
  116  11:03  Extractor  
  114  11:07  Overlord x4  
  114  11:14  Drone x3  
  115  11:34  Zerg Melee Weapons Level 1, Zerg Missile Weapons Level 3  
  115  11:40  Zerg Flyer Weapons Level 1  
  115  11:41  Evolution Chamber  
  115  11:42  Mutalisk x3  
  120  12:00  Drone x6  
  120  12:01  Drone x11  
  137  12:22  Hatchery  
  117  12:39  Hydralisk x12  
  101  13:00  Spore Crawler  
  98  13:08  Spine Crawler x2  
  98  13:11  Spore Crawler  
  98  13:12  Spine Crawler  
  94  13:16  Spine Crawler  
  89  13:23  Zerg Ground Armor Level 2  
  89  13:28  Adaptive Talons  
  89  13:48  Mutalisk x8  
  87  13:56  Spine Crawler  
  87  13:59  Extractor  
  80  14:04  Extractor  
  80  14:09  Overseer  
  71  14:23  Hydralisk  
  71  14:24  Hydralisk x6  
  67  14:25  Seismic Spines, Hydralisk  
  77  14:39  Drone x7  
  77  14:40  Drone  
  85  15:02  Zergling x2  
  85  15:03  Zergling x14  
  85  15:05  Zerg Melee Weapons Level 2  
  93  15:22  Drone x7  
  93  15:27  Drone x2  
  93  15:28  Drone x2  
  104  15:36  Queen  
  104  15:39  Drone x5  
  111  16:05  Pneumatized Carapace  
  111  16:10  Drone x10  
  111  16:11  Drone x6  
  126  16:13  Burrow  
  115  16:20  Hydralisk x2  
  115  16:25  Hatchery  
  118  16:27  Zerg Flyer Weapons Level 2  
  118  16:29  Extractor, Zerg Ground Armor Level 3  
  118  16:32  Extractor  
  112  16:46  Hydralisk x14  
  112  16:47  Hydralisk x2  
  136  17:18  Drone x4  
  136  17:19  Drone x4  
  144  17:24  Hydralisk x9  
  144  17:28  Lurker x3  
  144  17:29  Lurker x5  
  170  17:52  Hatchery  
  169  18:35  Hydralisk x4  
  169  18:36  Hydralisk  
Tags
 
Add a new tag
Caveats
  • Supply blocks, unpowered buildings, or Contaminate may cause inaccurate times.
  • Supply counts are checked every 10 seconds.